 Dungeon Crawl Stone Soup version 0.25-a0-10-g2fe12d4386 (webtiles) character file.

Game seed: 13047730395514245873, levelgen mode: deterministic

10003 Chiseanne the Protected (level 11, -2/105 HPs)
             Began as a Halfling Berserker on Oct 15, 2019.
             Was an Elder of Trog.
             Succumbed to Nergalle's poison gas
             ... on level 10 of the Dungeon.
             The game lasted 00:24:30 (7727 turns).

Chiseanne the Protected (Halfling Berserker)        Turns: 7727, Time: 00:24:30

Health: -2/105     AC: 14    Str: 23    XL:     11   Next: 84%
Magic:  5/14       EV: 19    Int:  8    God:    Trog [****..]
Gold:   271        SH:  8    Dex: 18    Spells: 10/10 levels left

rFire    . . .     SeeInvis .   a - +5 hand axe (venom)
rCold    . . .     Gourm    .   e - +0 buckler
rNeg     + . .     Faith    .   P - +4 scale mail {rN+}
rPois    .         Spirit   +   j - +1 hat {Int+3}
rElec    .         Reflect  .   B - scarf {Spirit}
rCorr    .         Harm     .   Q - +0 pair of gloves
MR       +....                  (no boots)
Stlth    ..........             (no amulet)
HPRegen  0.27/turn              x - +3 ring of protection
MPRegen  0.14/turn              E - ring of protection from magic

@: berserking (expiring), lethally poisoned (-2 -> -173), corroded, very quick
A: small, mutation resistance 1
a: Berserk, Trog's Hand, Brothers in Arms, Renounce Religion


You were on level 10 of the Dungeon.
You worshipped Trog.
Trog was greatly pleased with you.
You were hungry.

You visited 1 branch of the dungeon, and saw 10 of its levels.

You collected 621 gold pieces.
You spent 350 gold pieces at shops.

Inventory:

Hand Weapons
 a - a +5 hand axe of venom (weapon)
 p - a +2 dagger of flaming
 v - a +0 antimagic rapier
 y - a +4 hand axe
Missiles
 f - 19 poisoned darts
 g - 293 stones
 h - 117 arrows
 m - 64 sling bullets
 o - 19 boomerangs (quivered)
 A - 32 bolts
 I - 3 silver boomerangs
Armour
 e - a +0 buckler (worn)
 j - a +1 hat of intelligence (worn)
 B - a scarf of spirit shield (worn)
 F - a +2 cloak of invisibility
 G - a +0 chain mail of cold resistance
 P - a +4 scale mail of positive energy (worn)
 Q - a +0 pair of gloves (worn)
Jewellery
 l - an uncursed ring of stealth
 x - a +3 ring of protection (left hand)
 E - a ring of protection from magic (right hand)
 L - an uncursed ring of ice
Wands
 d - a wand of flame (13)
 s - a wand of random effects (19)
 J - a wand of clouds (1)
Scrolls
 i - 3 scrolls of immolation
 r - 3 scrolls of remove curse
 u - 2 scrolls of blinking
 z - 3 scrolls of identify
 C - a scroll of fear
 D - 2 scrolls of teleportation
 K - 4 scrolls of magic mapping
 M - 3 scrolls of fog
Potions
 b - a potion of mutation
 k - 5 potions of curing
 n - a potion of magic
 q - a potion of might
 t - 3 potions of heal wounds
 w - a potion of brilliance
 H - a potion of ambrosia
 O - a potion of haste
Comestibles
 c - 11 rations
 N - 5 chunks of flesh


   Skills:
 - Level 4.7 Fighting
   Level 5.2 Long Blades
 * Level 7.4 Axes
 * Level 9.7 Armour
 - Level 8.2 Dodging
 * Level 9.3 Shields
 * Level 5.0 Evocations


You had 10 spell levels left.
You didn't know any spells.
Your spell library was empty.

Dungeon Overview and Level Annotations

Branches:
Dungeon (10/15)            Temple (0/1) D:5
   Lair: D:8-11         Orc: D:9-12

Altars:
Ashenzari
Cheibriados
Dithmenos
Elyvilon
Gozag
Hepliaklqana
Kikubaaqudgha
Nemelex Xobeh
Sif Muna
Trog
Xom
Yredelemnul
Zin


Innate Abilities, Weirdness & Mutations

You are small and have problems with some larger weapons.
You are somewhat resistant to further mutation.


Message History

You barely miss Nergalle.
Nergalle is almost dead.
You hit the spectral orc warrior.
You are engulfed in poison gas.
You are more poisoned.
* * * LOW HITPOINT WARNING * * *
x2 You feel very sick.
You slash Nergalle!
Nergalle looks as sick as possible!
Nergalle is almost dead.
You hit the spectral orc warrior.
You are engulfed in poison gas.
You are more poisoned.
* * * LOW HITPOINT WARNING * * *
x2 You feel very sick.
You kill Nergalle!
Trog accepts your kill.
Trog appreciates your killing of a magic user.
The spectral orc warrior disappears in a puff of smoke! x2
The spectral orc warlord disappears in a puff of smoke!
Your life force feels restored.
Your Evocations skill increases to level 5!
You die...

#.# #.........# #.#
##+######## #.# #..##
..# ##..### .## ##...#
#####'### #
##+#########.......####
#....<=##§§§.......##..
+.....@§§§##.......#..#
#......#####.......'.##
#.!..§§# #.......###
####+### #.......#
#####+###


There were no monsters in sight!

Vanquished Creatures
  Gastronok (D:9)
  Fannar (D:10)
  A two-headed ogre (D:9)
  Nergalle (D:10)
  Grinder (D:6)
  A hornet (D:8)
  2 hippogriffs
  6 yaks (D:6)
  Eustachio (D:4)
  A steam dragon (D:9)
  Menkaure (D:7)
  4 orc warriors
  3 sky beasts
  2 black bears
  An ice beast (D:9)
  A phantom (D:7)
  A necrophage (D:6)
  2 eyes of draining (D:6)
  5 ogres
  4 bullfrogs
  2 big kobolds
  3 scorpions
  4 killer bees (D:8)
  6 wights
  4 howler monkeys
  5 crimson imps
  3 centaur zombies
  A quasit (D:7)
  3 centaur skeletons
  5 hounds
  A gnoll shaman (D:8)
  Crazy Yiuf (D:7)
  A bullfrog skeleton (D:9)
  4 jellies
  An orc priest (D:8)
  7 orc wizards
  4 iguanas
  5 worker ants
  Natasha (thrice) (D:2)
  A hound skeleton (D:6)
  2 worker ant zombies
  15 gnolls
  14 adders
  A howler monkey skeleton (D:5)
  5 shadow imps
  An ooze (D:2)
  3 adder skeletons
  3 worms
  3 dart slugs
  33 orcs
  7 bats
  6 giant cockroaches
  7 goblins
  3 hobgoblins
  6 jackals
  16 kobolds
  3 quokkas
  4 ball pythons
  2 frilled lizards (D:1)
  A quokka skeleton (D:6)
  3 quokka zombies
  9 rats
251 creatures vanquished.

Vanquished Creatures (others)
  An adder (D:9)
1 creature vanquished.

Grand Total: 252 creatures vanquished

Notes
Turn   | Place    | Note
-------+----------+-------------------------------------------
     0 | D:1      | Chiseanne the Halfling Berserker began the quest for the
                  | Orb.
     0 | D:1      | Reached XP level 1. HP: 15/15 MP: 1/1
   113 | D:1      | Reached XP level 2. HP: 18/20 MP: 2/2
   230 | D:1      | Reached skill level 1 in Shields
   264 | D:1      | Reached XP level 3. HP: 23/25 MP: 3/3
   317 | D:1      | Reached ** piety under Trog
   615 | D:2      | Found a shimmering altar of Xom.
   767 | D:2      | Reached XP level 4. HP: 26/31 MP: 4/4
   974 | D:2      | Noticed Natasha
   984 | D:2      | Killed Natasha
   984 | D:2      | Reached XP level 5. HP: 21/36 MP: 5/5
   992 | D:2      | Noticed Natasha
  1001 | D:2      | Killed Natasha
  1212 | D:2      | Noticed Natasha
  1222 | D:2      | Killed Natasha
  1272 | D:3      | Found a shattered altar of Ashenzari.
  1287 | D:3      | Reached XP level 6. HP: 42/42 MP: 6/6
  1349 | D:3      | Found a glowing silver altar of Zin.
  1499 | D:3      | Found a hazy altar of Hepliaklqana.
  1520 | D:3      | Reached *** piety under Trog
  1661 | D:3      | Found an ancient bone altar of Kikubaaqudgha.
  1661 | D:3      | Found a snail-covered altar of Cheibriados.
  1736 | D:3      | Found a basalt altar of Yredelemnul.
  1846 | D:4      | Noticed Eustachio
  1879 | D:4      | Killed Eustachio
  1879 | D:4      | Reached XP level 7. HP: 16/48 MP: 7/7
  2261 | D:4      | Reached XP level 8. HP: 44/54 MP: 8/8
  2565 | D:4      | Found a shimmering blue altar of Sif Muna.
  2608 | D:4      | Reached skill level 5 in Long Blades
  2623 | D:4      | Reached skill level 5 in Dodging
  2629 | D:4      | Got a transparent leather armour
  2781 | D:5      | Entered Level 5 of the Dungeon
  2784 | D:5      | Found a staircase to the Ecumenical Temple.
  2933 | D:5      | Reached skill level 5 in Armour
  2974 | D:5      | Identified the cursed +0 leather armour of Oschubli
                  | {Stlth+} (You found it on level 4 of the Dungeon)
  3137 | D:5      | Reached skill level 1 in Axes
  3346 | D:5      | Found Vikhilaw's Magic Scroll Shop.
  3349 | D:5      | Bought a scroll of immolation for 38 gold pieces
  3349 | D:5      | Bought a scroll of amnesia for 38 gold pieces
  3349 | D:5      | Bought a scroll of enchant weapon for 82 gold pieces
  3349 | D:5      | Bought a scroll of identify for 22 gold pieces
  3349 | D:5      | Bought a scroll of teleportation for 33 gold pieces
  3349 | D:5      | Bought a scroll of identify for 22 gold pieces
  3629 | D:6      | Reached skill level 5 in Shields
  3629 | D:6      | Reached XP level 9. HP: 56/59 MP: 9/9
  3709 | D:6      | Found a white marble altar of Elyvilon.
  3808 | D:6      | Found a transporter.
  3812 | D:6      | Found a transporter.
  3862 | D:6      | Noticed Grinder
  3863 | D:6      | Found a bloodstained altar of Trog.
  3873 | D:6      | Reached XP level 10. HP: 65/65 MP: 0/10
  3880 | D:6      | Killed Grinder
  4350 | D:7      | Noticed Menkaure
  4353 | D:7      | Killed Menkaure
  4353 | D:7      | Reached skill level 5 in Axes
  4594 | D:7      | Found an opulent altar of Gozag.
  4594 | D:7      | Found a sparkling altar of Nemelex Xobeh.
  4765 | D:7      | Found a shadowy altar of Dithmenos.
  5052 | D:7      | Found a runed translucent door.
  5053 | D:7      | Noticed Crazy Yiuf
  5062 | D:7      | Killed Crazy Yiuf
  5105 | D:8      | Reached **** piety under Trog
  5155 | D:8      | Reached skill level 1 in Evocations
  6059 | D:8      | Reached XP level 11. HP: 60/70 MP: 12/12
  6646 | D:9      | Noticed Gastronok
  6738 | D:9      | Killed Gastronok
  6890 | D:9      | Noticed a two-headed ogre
  6900 | D:9      | Killed a two-headed ogre
  7281 | D:5      | Bought 2 scrolls of magic mapping for 77 gold pieces
  7281 | D:5      | Bought a scroll of immolation for 38 gold pieces
  7404 | D:10     | Entered Level 10 of the Dungeon
  7404 | D:10     | Noticed Fannar
  7421 | D:10     | Killed Fannar
  7700 | D:10     | Noticed Nergalle
  7725 | D:10     | Noticed a spectral orc warlord
  7726 | D:10     | HP: 4/105 [poisoned by Nergalle (poison gas)]
  7726 | D:10     | Killed Nergalle
  7726 | D:10     | Reached skill level 5 in Evocations
  7727 | D:10     | Succumbed to Nergalle's poison gas

Levels and vault maps discovered:
D:1:      kennysheep_arrival_forest, layout_loops_ring
D:2:      layout_rooms, overflow_temple_1_default, grunt_ministairs_11,
          uniq_natasha
D:3:      layout_rooms, zin_academy, nicolae_overflow_crystal_walls,
          overflow_temple_1_default, yredelemnul_altar_generic,
          gammafunk_temple_overflow_pools
D:4:      layout_basic, old_standard_altar, first_ration, uniq_eustachio
D:5:      layout_loops_ring, minmay_temple_entry_statues_pillars, serial_shops,
          nicolae_shop_behind_doors
D:6:      layout_rooms, gammafunk_temple_overflow_arena, trog_eyes_of_draining,
          uniq_grinder
D:7:      layout_gridville, grunt_temple_overflow_opulence, lemuel_round_altar,
          uniq_crazy_yiuf_cottage, uniq_menkaure
D:8:      layout_basic
D:9:      layout_long_grid, minmay_misc_feat_roman, uniq_gastronok
D:10:     layout_roguey, uniq_nergalle, uniq_fannar

Skill      XL: |  1  2  3  4  5  6  7  8  9 10 11 |
---------------+----------------------------------+-----
Shields        | 1 2 3 5 6 7 9 |  9.3
Fighting       | 3 4 |  4.7
Dodging        | 3 4 5 7 8 |  8.2
Armour         | 3 4 5 6 8 9 |  9.7
Long Blades    | 4 5 |  5.2
Axes           | 1 4 6 7 |  7.4
Evocations     | 2 5 |  5.0

Action                   |  1- 3 |  4- 6 |  7- 9 | 10-12 || total
-------------------------+-------+-------+-------+-------++-------
Melee: Falchion          |    83 |   215 |   151 |       ||   449
       Hand axe          |       |       |   128 |   422 ||   550
Throw: Stone             |       |     2 |       |       ||     2
       Dart              |       |     6 |    30 |       ||    36
       Boomerang         |       |       |     9 |       ||     9
Invok: Trog's Hand       |     1 |     6 |     7 |     7 ||    21
       Berserk           |     1 |     4 |     5 |     3 ||    13
Evoke: Wand              |       |       |       |     7 ||     7
  Use: Scroll            |       |     3 |    11 |     5 ||    19
       Potion            |       |     1 |     1 |       ||     2
  Eat: Chunk             |       |    11 |     6 |    15 ||    32
       Ration            |       |       |     2 |     1 ||     3
Armor: Leather armour    |     4 |       |       |       ||     4
       Animal skin       |     1 |       |       |       ||     1
       Scale mail        |     9 |    72 |    74 |    50 ||   205
       Chain mail        |       |       |       |    44 ||    44
Dodge: Dodged            |    59 |   154 |   170 |   255 ||   638
Block: Buckler           |    20 |    78 |    88 |   154 ||   340
       Rpst.: Falchion   |    20 |    50 |    30 |       ||   100

Table legend:
 A = Non-vault XP
 B = Vault XP
 C = Vault XP percentage of total XP
 D = Non-vault monster count
 E = Vault monster count
 F = Vault count percentage of total count
                 A         B        C        D         E       F
            +---------+---------+-------+---------+---------+-------
      Total |    9005 |    5286 |  37.0 |     233 |      19 |   7.5
            +---------+---------+-------+---------+---------+-------
        D:1 |      36 |       0 |   0.0 |      22 |       0 |   0.0
        D:2 |     172 |      50 |  22.5 |      27 |       3 |  10.0
        D:3 |     212 |       0 |   0.0 |      31 |       0 |   0.0
        D:4 |     740 |     197 |  21.0 |      20 |       1 |   4.8
        D:5 |     521 |       0 |   0.0 |      12 |       0 |   0.0
        D:6 |    2064 |     820 |  28.4 |      26 |      10 |  27.8
        D:7 |     924 |     194 |  17.4 |      18 |       2 |  10.0
        D:8 |    1934 |       0 |   0.0 |      37 |       0 |   0.0
        D:9 |    2174 |    2193 |  50.2 |      33 |       1 |   2.9
       D:10 |     228 |    1832 |  88.9 |       7 |       2 |  22.2
            +---------+---------+-------+---------+---------+-------
